AoeStats
← BsqfslY

Lombardia

509094185Analyzed
4v4 RM · 8d ago on Sep 25, 2026· 65m 28s· 8 players
Game mode
Random Map
Map size
Large (8 player)
Population
200
Speed
Normal
Resources
Standard
Victory
Conquest
Starting age
Dark Age
Ending age
Imperial Age
RankedLock teamsTeams togetherTeam positionsShared explorationLock speedFull tech treeHidden civsTurbo modeCheats
Victory
Defeat
🇨🇳 Franks · China
1553
+14
🇨🇳 Tatars · China
1544
+14
🇨🇳 Hindustanis · China
1433
+19
🇨🇳 Britons · China
1347
+22
🇦🇺 Huns · Australia
1561
-20
🇯🇵 Saracens · Japan
1549
-19
🇭🇰 Khmer · Hong Kong SAR China
1463
-16
🇹🇼 Slavs · Taiwan
1422
-14
虫
11:39 Feudal Age
15:55 Castle Age
14:04 Double-Bit Axe
14:02 Horse Collar
16:53 Bow Saw
18:02 Wheelbarrow
19:15 Loom
20:24 Hand Cart
20:45 Heavy Plow
28:31 Gold Mining
28:32 Stone Mining
33:32 Imperial Age
30:48 Town Watch
31:19 Fortified Wall
32:23 Town Patrol
33:02 Scale Barding Armor
33:07 Forging
33:15 Husbandry
33:25 Bloodlines
36:01 Caravan
36:56 Chain Barding Armor
37:37 Crop Rotation
37:45 Iron Casting
37:33 Conscription
37:39 Capped Ram
39:23 Elite Battle Elephant
40:20 Heavy Scorpion
40:21 Siege Ram
41:58 Coinage
42:21 Gold Shaft Mining
41:37 Stone Mining
43:29 Double Crossbow
43:30 Tusk Swords
45:02 Chemistry
46:17 Banking
57:25 Siege Engineers
57:40 Ballistics
屁屁寶寶
12:07 Loom
16:31 Feudal Age
17:23 Double-Bit Axe
18:14 Man-at-Arms
19:21 Horse Collar
21:26 Wheelbarrow
21:12 Town Watch
22:46 Gold Mining
25:48 Castle Age
24:53 Scale Mail Armor
25:33 Forging
25:54 Pikeman
26:34 Squires
26:47 Bow Saw
26:43 Heavy Plow
27:54 Chain Mail Armor
28:24 Fletching
30:26 Iron Casting
30:15 Stone Mining
36:55 Gold Shaft Mining
37:19 Hand Cart
39:15 Bodkin Arrow
39:42 Elite Skirmisher
44:11 Imperial Age
41:53 Padded Archer Armor
42:00 Scale Barding Armor
44:18 Halberdier
45:16 Caravan
46:43 Conscription
46:34 Druzhina
46:34 Detinets
47:11 Hoardings
48:39 Plate Mail Armor
49:10 Blast Furnace
47:32 Elite Boyar
48:47 Chain Barding Armor
48:43 Leather Archer Armor
48:48 Town Patrol
48:26 Capped Ram
49:42 Siege Ram
50:22 Long Swordsman
52:49 Plate Barding Armor
53:57 Ring Archer Armor
54:08 Coinage
54:52 Two-Man Saw
54:23 Crop Rotation
55:33 Chemistry
54:39 Siege Engineers
54:45 Masonry
55:23 Two-Handed Swordsman
56:48 Banking
57:52 Champion
60:49 Ballistics
nanakusa
11:26 Feudal Age
12:44 Wheelbarrow
15:25 Castle Age
13:43 Double-Bit Axe
13:56 Horse Collar
16:20 Bow Saw
16:22 Heavy Plow
21:53 Stone Mining
23:13 Gold Mining
23:09 Loom
24:14 Hand Cart
25:35 Town Watch
25:46 Fletching
27:20 Gold Shaft Mining
28:28 Scale Barding Armor
28:34 Forging
28:38 Caravan
32:12 Imperial Age
31:15 Chain Barding Armor
31:31 Iron Casting
32:56 Bloodlines
32:47 Husbandry
33:19 Conscription
33:40 Plate Barding Armor
32:36 Heavy Camel Rider
33:19 Elite Mameluke
35:32 Two-Man Saw
35:46 Blast Furnace
36:18 Bodkin Arrow
36:54 Capped Ram
37:52 Siege Ram
42:50 Light Cavalry
44:48 Masonry
45:38 Hoardings
44:37 Hussar
46:21 Siege Engineers
47:17 Chemistry
46:02 Onager
47:04 Ballistics
46:58 Counterweights
47:18 Siege Onager
57:45 Fortified Wall
ResonanceFreq
10:44 Feudal Age
14:37 Castle Age
12:49 Double-Bit Axe
13:09 Horse Collar
15:38 Bow Saw
22:15 Wheelbarrow
23:34 Hand Cart
24:03 Loom
28:11 Imperial Age
26:07 Heavy Plow
25:58 Gold Mining
25:58 Stone Mining
26:39 Fletching
27:34 Bodkin Arrow
27:40 Padded Archer Armor
28:01 Ballistics
27:52 Masonry
30:18 Two-Man Saw
29:53 Gold Shaft Mining
29:28 Bracer
29:43 Leather Archer Armor
30:29 Chemistry
29:56 Parthian Tactics
30:26 Thumb Ring
29:41 Heavy Cavalry Archer
30:29 Caravan
30:55 Bloodlines
30:45 Husbandry
31:13 Town Watch
32:19 Town Patrol
33:02 Coinage
32:43 Guilds
35:06 Murder Holes
37:15 Banking
小白妈妈
8:50 Loom
11:13 Feudal Age
15:08 Castle Age
15:44 Double-Bit Axe
17:17 Bow Saw
24:42 Horse Collar
25:44 Wheelbarrow
27:25 Hand Cart
31:55 Gold Mining
31:58 Stone Mining
34:59 Imperial Age
33:22 Fletching
33:32 Padded Archer Armor
34:03 Bodkin Arrow
35:12 Leather Archer Armor
35:47 Bloodlines
35:39 Husbandry
35:42 Bracer
36:44 Chemistry
36:11 Ballistics
36:52 Chemistry
36:16 Silk Armor
36:41 Guilds
37:09 Ring Archer Armor
37:03 Conscription
36:29 Heavy Cavalry Archer
38:29 Ring Archer Armor
39:10 Caravan
40:54 Gold Shaft Mining
41:38 Coinage
46:07 Banking
45:46 Light Cavalry
46:37 Forging
46:32 Scale Barding Armor
48:27 Iron Casting
48:12 Chain Barding Armor
49:23 Hussar
51:38 Elite Steppe Lancer
54:00 Blast Furnace
53:35 Plate Barding Armor
53:34 Elite Keshik
59:35 Capped Ram
61:53 Siege Ram
62:52 Siege Engineers
63:23 Masonry
62:53 Treadmill Crane
63:11 Murder Holes
BsqfslY
10:45 Feudal Age
11:47 Double-Bit Axe
14:44 Castle Age
16:02 Bow Saw
15:53 Loom
15:53 Town Watch
22:30 Wheelbarrow
23:41 Gold Mining
23:43 Stone Mining
26:35 Gold Shaft Mining
29:03 Imperial Age
28:20 Hand Cart
28:49 Scale Barding Armor
28:55 Forging
29:31 Husbandry
29:07 Cavalier
30:24 Husbandry
30:51 Paladin
32:56 Iron Casting
32:51 Conscription
33:15 Chain Barding Armor
33:22 Chain Barding Armor
35:00 Plate Barding Armor
36:37 Blast Furnace
37:29 Chivalry
38:02 Fortified Wall
37:35 Treadmill Crane
39:19 Light Cavalry
40:41 Caravan
41:11 Town Patrol
46:17 Coinage
48:17 Capped Ram
50:15 Siege Engineers
Mr.Robin
6:58 Loom
9:19 Feudal Age
10:12 Double-Bit Axe
11:28 Horse Collar
14:12 Scale Barding Armor
14:42 Forging
17:13 Bloodlines
22:52 Castle Age
22:59 Light Cavalry
24:17 Chain Barding Armor
24:52 Bow Saw
31:10 Wheelbarrow
30:21 Town Watch
33:43 Iron Casting
33:31 Husbandry
36:20 Imperial Age
36:19 Heavy Camel Rider
37:37 Plate Barding Armor
38:02 Blast Furnace
39:21 Gold Mining
39:37 Imperial Camel Rider
41:48 Blast Furnace
46:12 Caravan
49:56 Grand Trunk Road
50:45 Conscription
56:56 Chemistry
55:58 Hussar
57:56 Hand Cart
60:57 Siege Engineers
名奈奈奈
5:36 Loom
12:29 Feudal Age
13:22 Horse Collar
18:18 Castle Age
17:00 Double-Bit Axe
20:42 Bow Saw
20:36 Heavy Plow
22:34 Wheelbarrow
26:40 Hand Cart
28:38 Gold Mining
28:38 Stone Mining
29:42 Town Watch
32:28 Imperial Age
33:08 Gold Shaft Mining
33:15 Yeomen
32:49 Fletching
32:59 Padded Archer Armor
33:48 Masonry
34:04 Bodkin Arrow
35:09 Conscription
34:56 Bracer
34:44 Pikeman
35:26 Squires
36:37 Elite Longbowman
38:24 Caravan
38:54 Halberdier
40:35 Leather Archer Armor
40:20 Scale Mail Armor
40:31 Forging
41:50 Chemistry
44:10 Ring Archer Armor
43:56 Chain Mail Armor
44:16 Iron Casting
44:35 Guilds
47:39 Plate Mail Armor
48:10 Blast Furnace
47:16 Scale Barding Armor
47:02 Gambesons
49:53 Ballistics
53:40 Chain Barding Armor
56:19 Man-at-Arms
56:53 Long Swordsman
57:34 Two-Handed Swordsman
59:58 Hoardings
59:34 Champion
Connection lost

Rejoining the realm…

Still unreachable

The connection could not be restored.

Session expired

The server has moved on; the page needs a fresh start.